 Dungeon Crawl Stone Soup version 0.18-a0-5-gf1fb587 (webtiles) character file.

33 Duffy the Chopper (level 3, -4/51 HPs)
             Began as a Naga Berserker on Oct 31, 2015.
             Was a Believer of Trog.
             Slain by a kobold
             ... wielding a +0 short sword of electrocution
              (11 damage)
             ... on level 2 of the Dungeon.
             The game lasted 00:01:16 (933 turns).

Duffy the Chopper (Naga Berserker)                   Turns: 933, Time: 00:01:16

Health: -4/51      AC:  6    Str: 24    XL:     3   Next: 29%
Magic:  3/3        EV:  6    Int:  7    God:    Trog [**....]
Gold:   53         SH:  0    Dex: 11    Spells: 0 memorised, 2 levels left

rFire  . . .     SeeInvis +     d - +2 hand axe (chop)
rCold  . . .     Clarity  .     i - +0 chain mail
rNeg   . . .     SustAt   .     (no shield)
rPois  +         Gourm    .     (no helmet)
rElec  .         Spirit   .     s - +0 cloak
rCorr  .         Warding  .     (no gloves)
rMut   .         Stasis   .     (no barding)
MR     .....                    (no amulet)
Stlth  ..........               (no ring)
                                (no ring)

@: berserking, quick, not resistant to hostile enchantments, extremely
unstealthy
A: see invisible, deformed body, poison resistance, slowness 2, slow metabolism
1, spit poison 2, AC +1
a: Spit Poison, Berserk, Trog's Hand, Burn Spellbooks, Renounce Religion


You were on level 2 of the Dungeon.
You worshipped Trog.
Trog was pleased with you.
You were not hungry.

You visited 1 branch of the dungeon, and saw 2 of its levels.

You collected 53 gold pieces.


Innate Abilities, Weirdness & Mutations

You cannot wear boots.
Your serpentine skin is tough (AC +1).
You have supernaturally acute eyesight.
Armour fits poorly on your strangely shaped body.
Your system is resistant to poisons.
You cover ground very slowly.
You have a slow metabolism.
You can spit poison.


   Skills:
 - Level 3.0 Fighting
 + Level 4.2 Axes
 - Level 1.5 Armour
 - Level 1.5 Dodging


You had 2 spell levels left.
You didn't know any spells.

Inventory:

Hand Weapons
 a - a +0 hand axe
 d - a +2 hand axe of chopping (weapon)
Missiles
 f - 43 stones (quivered)
Armour
 b - a +0 animal skin
 i - a +0 chain mail (worn)
 s - a +0 cloak (worn)
 u - a +0 scale mail
Jewellery
 k - a cursed -2 ring of evasion {unknown}
 n - an uncursed ring of ice {unknown}
Scrolls
 m - 2 scrolls of teleportation {unknown}
 o - 2 scrolls of enchant armour {unknown}
 p - a scroll of noise {unknown}
 q - a scroll of amnesia {unknown}
 t - a scroll of fear {unknown}
Potions
 e - a potion of resistance {unknown}
 g - a potion of flight {unknown}
 h - 2 potions of curing {unknown}
 j - a potion of invisibility {unknown}
 l - a potion of cancellation {unknown}
 r - a potion of heal wounds {unknown}
Comestibles
 c - 2 bread rations

Dungeon Overview and Level Annotations

Branches:
Dungeon (2/15)

Altars:
Ru


Message History

The adder bites you but does no damage.
You barely miss the adder.
The adder is heavily wounded.
The adder bites you.
Your chain mail prevents you from hitting the adder.
The adder is heavily wounded.
The adder closely misses you. The adder bites you.
You slash the adder!
You kill the adder!
Trog accepts your kill.
A kobold comes into view.
It is wielding a short sword of electrocution.
The kobold shouts!
The kobold throws a stone.
The stone closely misses you.
Things that are here:
a stone; an adder corpse You hit the worm.
The worm is lightly wounded.
The kobold throws a stone.
The stone hits you but does no damage.
You hit the worm.
The worm is heavily wounded.
The worm bites you.
Press: ? - help, v - describe, . - travel
Here: a kobold, wielding a short sword of electrocution The floor.
You miss the kobold. You hit the worm.
The worm is severely wounded.
The kobold hits you with a short sword of electrocution.
You are electrocuted!
Ouch! That really hurt!
The worm bites you but does no damage.
A red film seems to cover your vision as you go berserk!
You feel yourself moving faster!
You feel mighty!
You feel somewhat more hungry. The kobold hits you but does no damage.
You are electrocuted!
You die...

..................
#######.#####.#...
# #.# #.#.## #.
#.# #.#.#. ##.#
#.# #.#.#.
##.#.######.#
#.#.#.
#.#.#.....#.###
#.#.#.
#.#..K#........#
#.#.#.
#....@#...#.#.#
#.# ##
#.≈≈≈w#...#.#...
#≈...≈#.###.# ###
#≈._.≈#.. ..#
#≈...≈#.# #.#
#.≈≈≈.#.# #.#
#....$#.# .#
.#...#.##


You could see a worm and a kobold.

Action                   || total
-------------------------++-------
Melee: Hand axe          ||    45
Invok: Berserk           ||     1
 Abil: Spit Poison       ||     1

Notes
Turn   | Place    | Note
--------------------------------------------------------------
     0 | D:1      | Duffy the Naga Berserker began the quest for the Orb.
     0 | D:1      | Reached XP level 1. HP: 21/21 MP: 1/1
    42 | D:1      | Reached XP level 2. HP: 28/28 MP: 2/2
   744 | D:1      | Reached skill level 4 in Axes
   781 | D:1      | Reached ** piety under Trog
   896 | D:2      | Reached XP level 3. HP: 34/34 MP: 3/3
   922 | D:2      | Found a sacrificial altar of Ru.
   933 | D:2      | Slain by a kobold

Vault maps used:
D:1:      dpeg_arrival_tiny_f
D:2:      wad_crossroads, nicolae_ru_awakened_eye, first_bread

Vanquished Creatures
  An adder
  A giant gecko
  A bat
  4 hobgoblins
  4 jackals
  A ball python
  2 giant cockroaches
  A giant newt
  3 goblins
  5 rats
23 creatures vanquished.
